 Dungeon Crawl Stone Soup version 0.24.0-13-gcf9b319 (webtiles) character file.

Game seed: 8456615107293768465, levelgen mode: deterministic

570 sighowe the Skirmisher (level 7, 0/60 HPs)
             Began as a Purple Draconian Berserker on Nov 10, 2019.
             Was a Believer of Trog.
             Slain by a water moccasin (7 damage)
             ... on level 5 of the Dungeon.
             The game lasted 00:07:23 (3395 turns).

sighowe the Skirmisher (Purple Draconian Berserker) Turns: 3395, Time: 00:07:24

Health: 0/60       AC:  7    Str: 21    XL:     7   Next: 11%
Magic:  7/7        EV: 13    Int:  7    God:    Trog [**....]
Gold:   215        SH:  0    Dex: 11    Spells: 6/6 levels left

rFire    . . .     SeeInvis .   h - +0 mace (holy)
rCold    . . .     Gourm    .   (no shield)
rNeg     . . .     Faith    .   (armour unavailable)
rPois    .         Spirit   .   (helmet restricted)
rElec    .         Reflect  .   v - +0 cloak (curse)
rCorr    .         Harm     .   (no gloves)
MR       ++...                  (no boots)
Stlth    ++........             (no amulet)
HPRegen  0.20/turn              j - ring of protection from magic
MPRegen  0.10/turn              (no ring)

@: no status effects
A: breathe power, unfitting armour, cold-blooded, AC +6
a: Breathe Dispelling Energy, Berserk, Trog's Hand, Renounce Religion


You were on level 5 of the Dungeon.
You worshipped Trog.
Trog was pleased with you.
You were not hungry.

You visited 1 branch of the dungeon, and saw 5 of its levels.

You collected 215 gold pieces.

Inventory:

Hand Weapons
 a - a +0 hand axe
 h - a +0 mace of holy wrath (weapon)
Armour
 v - a cursed +0 cloak (worn)
Jewellery
 j - a ring of protection from magic (left hand)
Scrolls
 c - 3 scrolls of amnesia {unknown}
 e - 6 scrolls of identify {unknown}
 f - 3 scrolls of teleportation {unknown}
 m - 4 scrolls of enchant weapon {unknown}
 o - 2 scrolls of immolation {unknown}
 p - a scroll of remove curse {unknown}
 q - a scroll of magic mapping {unknown}
 s - a scroll of fog {unknown}
 u - a scroll of enchant armour {unknown}
Potions
 d - 2 potions of agility {unknown}
 g - a potion of curing {unknown}
 i - a potion of invisibility {unknown}
 k - a potion of heal wounds {unknown}
 l - a potion of haste {unknown}
 n - 3 potions of resistance {unknown}
 r - a potion of berserk rage {unknown}
 t - 2 potions of brilliance {unknown}
Comestibles
 b - 10 rations


   Skills:
 + Level 4.6 Fighting
 + Level 3.7(4.7) Axes
 + Level 4.4(5.1) Maces & Flails
 + Level 4.4 Dodging
 + Level 2.1 Stealth


You had 6 spell levels left.
You didn't know any spells.
Your spell library contained the following spells:

 Spells                   Type           Power        Failure   Level  Hunger
 Summon Small Mammal      Summ           #...         43%         1    ##.....
 Call Imp                 Summ           #.......     56%         2    ###....
 Call Canine Familiar     Summ           #.......     80%         3    ####...
 Summon Guardian Golem    Hex/Summ       #.......     80%         3    ####...
 Summon Ice Beast         Ice/Summ       #.......     99%         4    #####..
 Summon Lightning Spire   Summ/Air       #.......     99%         4    #####..


Dungeon Overview and Level Annotations

Branches:
Dungeon (5/15)
 Temple: D:4-7

Altars:
Yredelemnul


Innate Abilities, Weirdness & Mutations

You can breathe bolts of dispelling energy.
Your rich purple scales are hard. (AC +6)
You cannot fit into any form of body armour.
You are cold-blooded and may be slowed by cold attacks.


Message History

Trog accepts your kill. The orc hits you.
* * * LOW HITPOINT WARNING * * *
The orc hits you with a +0 club.
* * * LOW HITPOINT WARNING * * *
The orc hits you but does no damage. The orc hits you but does no damage.
The orc closely misses you.
You see here 3 scrolls labeled KOKKEP TEAPS.
You feel yourself speed up.
Found an escape hatch in the floor.
A water moccasin comes into view.
You recover from your berserk rage.
The water moccasin hisses angrily.
The water moccasin bites you.
* * * LOW HITPOINT WARNING * * *
There is an escape hatch in the floor, spattered with blood here.
You can't go up here!
The water moccasin bites you but does no damage.
The orc barely misses you. The water moccasin bites you!
You die...

### #.. #.#
#####.### #..
.... ##.###.#
#...oo.##.##.#
#.###S@.......
#.# #.########
#o###......
#.......?..
###.##.......
#.##.....<.
######.##.......
#.....?.#......
#.####......$###


You could see a water moccasin and 2 orcs.

Vanquished Creatures
  2 ogres (D:4)
  2 orc priests (D:5)
  A bullfrog skeleton (D:4)
  3 hounds (D:4)
  An orc wizard (D:4)
  3 worker ants (D:4)
  6 adders
  2 oozes
  An adder skeleton (D:4)
  2 worms
  A dart slug (D:1)
  3 leopard geckos
  4 orcs
  A bat (D:1)
  4 giant cockroaches
  7 goblins
  A hobgoblin (D:1)
  8 jackals
  4 quokkas (D:2)
  2 ball pythons (D:1)
  A frilled lizard (D:2)
  4 kobolds
  8 rats
  A spectral orc (D:3)
72 creatures vanquished.

Notes
Turn   | Place    | Note
-------+----------+-------------------------------------------
     0 | D:1      | sighowe the Draconian Berserker began the quest for the
                  | Orb.
     0 | D:1      | Reached XP level 1. HP: 19/19 MP: 1/1
   392 | D:1      | Reached XP level 2. HP: 26/26 MP: 2/2
  1016 | D:2      | Reached XP level 3. HP: 24/33 MP: 3/3
  1493 | D:2      | Reached ** piety under Trog
  1775 | D:3      | Reached XP level 4. HP: 40/40 MP: 4/4
  1871 | D:3      | Reached skill level 1 in Maces & Flails
  2116 | D:3      | Found a basalt altar of Yredelemnul.
  2193 | D:4      | Reached skill level 1 in Stealth
  2193 | D:4      | Reached XP level 5. HP: 46/46 MP: 5/5
  2194 | D:4      | Noticed an ogre
  2207 | D:4      | Killed an ogre
  2502 | D:4      | Reached XP level 6. HP: 43/52 MP: 6/6
  3356 | D:5      | Entered Level 5 of the Dungeon
  3363 | D:5      | Your scales start taking on a rich purple colour.
  3363 | D:5      | Reached XP level 7. HP: 60/60 MP: 7/7
  3395 | D:5      | Slain by a water moccasin

Levels and vault maps discovered:
D:1:      evilmike_arrival_crescent, layout_loops_ring, minmay_liquid_box
D:2:      layout_loops_ring
D:3:      layout_rooms, yredelemnul_forgotten_temple_becter,
          wad_floor_pattern_untrapped, minmay_pentomino_pile
D:4:      layout_basic, hangedman_decor_push
D:5:      layout_loops_cross, gup_sewer_entry_spiral, first_ration, basic_altar,
          cheibriados_altar_1

Skill      XL: |  1  2  3  4  5  6 |
---------------+-------------------+-----
Dodging        | 3 4 |  4.4
Maces & Flails | 2 3 4 |  4.4
Fighting       | 4 |  4.6
Stealth        | 1 2 |  2.1
Axes           | |  3.7

Action                   |  1- 3 |  4- 6 |  7- 9 || total
-------------------------+-------+-------+-------++-------
Melee: Hand axe          |    35 |       |       ||    35
       Mace              |    95 |   118 |    13 ||   226
       Tailslap          |    14 |    13 |     2 ||    29
Invok: Berserk           |     2 |     4 |       ||     6
 Stab: Sleeping          |       |     3 |       ||     3
  Eat: Chunk             |     3 |     5 |       ||     8
       Ration            |       |     1 |     1 ||     2
Armor: Skin              |    42 |    36 |    11 ||    89
Dodge: Dodged            |   101 |    91 |    34 ||   226
